[Event "January 9 Early 2024"]
[Site "https://www.chess.com"]
[Date "2024.01.11"]
[Round "1"]
[White "Guzman Lozano, Campo Elias"]
[Black "Bournel, Antoine"]
[Result "0-1"]
[Board "112"]
[TimeControl "180+1"]
[WhiteFideId "4403746"]
[BlackFideId "26093553"]
[WhiteElo "2163"]
[BlackElo "2567"]
[WhiteTeam "COL"]
[BlackTeam "FRA"]
[WhiteClock "0:00:30"]
[BlackClock "0:00:51"]

1. c4 g6 2. Nc3 Bg7 3. g3 e5 4. Bg2 d6 5. d3 f5 6. e3 Nh6 7. Nge2 c6 8. Rb1 a5 9. b3 O-O 10. O-O Be6 11. a3 Na6 12. b4 axb4 13. axb4 Nc7 14. b5 d5 15. bxc6 bxc6 16. Qc2 Nf7 17. Bd2 Qe7 18. Rb7 Nd6 19. cxd5 Nxb7 20. dxe6 Qxe6 21. Rb1 Rab8 22. Rb6 Na5 23. Qa4 Rxb6 24. Qxa5 Rfb8 25. h4 Kh8 26. Kh2 Qd6 27. d4 Rb3 28. Qa4 Nd5 29. dxe5 Bxe5 30. Nxd5 cxd5 31. Qa5 Ra3 32. Qxd5 Qxd5 33. Bxd5 Rd3 0-1

[Event "January 9 Early 2024"]
[Site "https://www.chess.com"]
[Date "2024.01.11"]
[Round "1"]
[White "Navara, David"]
[Black "Radibratovic, Predrag"]
[Result "1-0"]
[Board "113"]
[TimeControl "180+1"]
[WhiteFideId "309095"]
[BlackFideId "902012"]
[WhiteElo "2990"]
[BlackElo "2512"]
[WhiteTeam "CZE"]
[BlackTeam "SRB"]
[WhiteClock "0:00:08"]
[BlackClock "0:01:35"]

1. e4 c6 2. d4 d5 3. e5 g6 4. h4 h5 5. c4 Be6 6. Nh3 dxc4 7. Nf4 Bd5 8. e6 Bxe6 9. Nxe6 fxe6 10. Bxc4 Bg7 11. Bxe6 Qxd4 12. Qb3 Nd7 13. Bxg8 O-O-O 14. Be6 Kc7 15. Bxd7 Rxd7 16. O-O Qxh4 17. Qg3+ Qxg3 18. fxg3 Bd4+ 19. Kh2 e5 20. Nc3 h4 21. g4 h3 22. Bg5 hxg2+ 23. Kxg2 Bxc3 24. bxc3 Rd3 25. Bf6 Re8 26. Rae1 e4 27. Bd4 Re7 28. Rf4 e3 29. Kf3 e2+ 30. Kf2 Rd2 31. a4 b6 32. Be3 Rc2 33. c4 g5 34. Rd4 c5 35. Rd5 Rxc4 36. Rxg5 Rxa4 37. Rxe2 Rae4 38. Kf3 c4 39. Bf4+ Kb7 40. Rxe4 Rxe4 41. Kxe4 c3 42. Rg7+ Kc6 43. Rc7+ Kb5 44. Rxc3 a5 45. Rc1 Kb4 46. g5 a4 47. g6 a3 48. g7 Kb3 49. g8=Q+ Kb2 50. Qc4 1-0

[Event "January 9 Early 2024"]
[Site "https://www.chess.com"]
[Date "2024.01.11"]
[Round "1"]
[White "Djokic, Mihailo"]
[Black "Onslow, Alfie"]
[Result "1-0"]
[Board "114"]
[TimeControl "180+1"]
[WhiteFideId "976440"]
[BlackFideId "436976"]
[WhiteElo "2659"]
[BlackElo "2329"]
[WhiteTeam "SRB"]
[BlackTeam "ENG"]
[WhiteClock "0:01:34"]
[BlackClock "0:00:08"]

1. d4 Nf6 2. Nf3 c5 3. dxc5 e6 4. g3 Bxc5 5. Bg2 O-O 6. O-O d5 7. c4 Nc6 8. cxd5 exd5 9. Nc3 Be6 10. Bg5 Be7 11. Nd4 h6 12. Bf4 Rc8 13. Qd2 Nxd4 14. Qxd4 Qb6 15. Qxb6 axb6 16. Rfd1 Rfd8 17. Be5 Rc5 18. Bd4 Rc6 19. Rd2 Ne4 20. Nxe4 dxe4 21. Bxe4 Rcd6 22. e3 Bd5 23. Bxd5 Rxd5 24. Rad1 Bf6 25. Kf1 Kf8 26. Ke2 Bxd4 27. Rxd4 Rxd4 28. Rxd4 Rc8 29. Kd2 Ke7 30. a4 Rc6 31. h4 Rf6 32. Rf4 Rd6+ 33. Kc2 Rc6+ 34. Kb3 Rd6 35. Rd4 Rf6 36. Rf4 Rd6 37. Kc4 Rd2 38. b4 Rd6 39. Kb5 Rc6 40. Rc4 Rf6 41. Rc7+ Ke8 42. Rxb7 Rxf2 43. Kxb6 Rf3 44. a5 Rxe3 45. a6 Re6+ 46. Ka5 1-0

[Event "January 9 Early 2024"]
[Site "https://www.chess.com"]
[Date "2024.01.11"]
[Round "1"]
[White "Richter, Paul"]
[Black "Nikulina, Alena"]
[Result "1-0"]
[Board "115"]
[TimeControl "180+1"]
[WhiteFideId "2046350"]
[BlackFideId "4172051"]
[WhiteElo "2557"]
[BlackElo "2110"]
[WhiteTeam "USA"]
[BlackTeam "RUS"]
[WhiteClock "0:00:39"]
[BlackClock "0:00:49"]

1. e4 c5 2. Nf3 e6 3. d3 g6 4. Nbd2 Bg7 5. g3 Nc6 6. Bg2 Nge7 7. O-O O-O 8. a4 d5 9. exd5 exd5 10. Re1 Bg4 11. h3 Be6 12. c3 d4 13. c4 Qd7 14. Kh2 h5 15. Ne4 b6 16. Neg5 Bf5 17. Nh4 Rac8 18. Nxf5 Qxf5 19. Ne4 Rcd8 20. Bd2 Ne5 21. Qe2 Rfe8 22. a5 N7c6 23. axb6 axb6 24. Ra6 Nd7 25. Qf1 Ra8 26. Nd6 Rxe1 27. Rxa8+ Kh7 28. Qxe1 Qxd3 29. Bxc6 Ne5 30. Bg2 h4 31. Bf4 Nxc4 32. Nxc4 Qxc4 33. Qe8 hxg3+ 34. fxg3 f6 35. Ra7 Qg8 36. Qxg8+ Kxg8 37. Rb7 c4 38. Bd5+ Kh7 39. Bxc4 1-0

[Event "January 9 Early 2024"]
[Site "https://www.chess.com"]
[Date "2024.01.11"]
[Round "1"]
[White "Wantiez, Fabrice"]
[Black "Carow, Johannes"]
[Result "0-1"]
[Board "116"]
[TimeControl "180+1"]
[WhiteFideId "202274"]
[BlackFideId "24692050"]
[WhiteElo "2384"]
[BlackElo "2711"]
[WhiteTeam "BEL"]
[BlackTeam "GER"]
[WhiteClock "0:00:54"]
[BlackClock "0:00:28"]

1. e4 c5 2. Nf3 e6 3. d4 cxd4 4. Nxd4 a6 5. Nc3 Qc7 6. Be2 b5 7. O-O Bb7 8. Re1 Nc6 9. Nxc6 dxc6 10. Bf1 e5 11. Be3 Nf6 12. f3 Bb4 13. a3 Ba5 14. Qe2 Qe7 15. Qf2 Nd7 16. b4 Bc7 17. Qg3 O-O 18. Red1 Rfd8 19. h4 a5 20. h5 axb4 21. h6 g6 22. axb4 Qxb4 23. Rxa8 Bxa8 24. Nb1 Qe7 25. Bg5 f6 26. Be3 Nf8 27. Rxd8 Qxd8 28. c4 Bb6 29. Bxb6 Qxb6+ 30. Kh2 Ne6 31. cxb5 cxb5 32. Nc3 b4 33. Nd5 Bxd5 34. exd5 Nf4 35. Bc4 Kf8 36. Qe1 Ke7 37. Qe4 Qc5 38. d6+ Kxd6 39. Bb3 f5 40. Qb7 Ne2 41. Qxh7 Qg1+ 42. Kh3 Qh1# 0-1

[Event "January 9 Early 2024"]
[Site "https://www.chess.com"]
[Date "2024.01.11"]
[Round "1"]
[White "Lima, Artur Tin Lun Dai"]
[Black "Barp, Alberto"]
[Result "1-0"]
[Board "117"]
[TimeControl "180+1"]
[WhiteFideId "22773150"]
[BlackFideId "872555"]
[WhiteElo "2383"]
[BlackElo "2671"]
[WhiteTeam "BRA"]
[BlackTeam "ITA"]
[WhiteClock "0:00:35"]
[BlackClock "0:00:21"]

1. e4 c5 2. Nf3 a6 3. Bc4 e6 4. c3 b5 5. Bb3 Bb7 6. Qe2 Nf6 7. Bc2 Nc6 8. O-O Rc8 9. a3 Qc7 10. d4 cxd4 11. cxd4 Ng4 12. g3 Nb4 13. Nc3 Nxc2 14. Qxc2 Nf6 15. Bf4 Qc4 16. Ne5 Qxd4 17. Rad1 Qb6 18. Bg5 Nxe4 19. Nxd7 Qc6 20. Qxe4 Qxe4 21. Nxe4 Bxe4 22. Nb6 Rb8 23. Nd7 Ra8 24. Nb6 Bf3 25. Nxa8 Bxd1 26. Rxd1 Be7 27. Nc7+ Kf8 28. Be3 h5 29. Nxa6 1-0

[Event "January 9 Early 2024"]
[Site "https://www.chess.com"]
[Date "2024.01.11"]
[Round "1"]
[White "Cremisi, Daniel"]
[Black "Hercegovac, Neven"]
[Result "1-0"]
[Board "118"]
[TimeControl "180+1"]
[WhiteFideId "2089882"]
[BlackFideId "2839135"]
[WhiteElo "2677"]
[BlackElo "2349"]
[WhiteTeam "USA"]
[BlackTeam "ITA"]
[WhiteClock "0:00:48"]
[BlackClock "0:00:15"]

1. d4 d5 2. c4 c6 3. Nc3 Nf6 4. e3 e6 5. Nf3 Nbd7 6. Qc2 b6 7. Bd3 Bb7 8. O-O dxc4 9. Bxc4 a6 10. e4 b5 11. Bd3 c5 12. d5 exd5 13. exd5 Nxd5 14. Nxd5 Bxd5 15. Bg5 f6 16. Bxh7 fxg5 17. Bg6+ Ke7 18. Rad1 Nf6 19. Rfe1+ Kd6 20. Nxg5 Kc6 21. Nf7 Qc7 22. Nxh8 Bd6 23. Nf7 Bxh2+ 24. Kf1 Bc4+ 25. Rd3 Bxf7 26. Bxf7 Qxf7 27. g3 Rh8 28. Red1 Bxg3 29. Rxg3 Rh1+ 30. Kg2 1-0

[Event "January 9 Early 2024"]
[Site "https://www.chess.com"]
[Date "2024.01.11"]
[Round "1"]
[White "Lund, Gunnar"]
[Black "Barbot, Pierre"]
[Result "1-0"]
[Board "119"]
[TimeControl "180+1"]
[WhiteFideId "1520814"]
[BlackFideId "663727"]
[WhiteElo "2649"]
[BlackElo "2309"]
[WhiteTeam "NOR"]
[BlackTeam "FRA"]
[WhiteClock "0:00:59"]
[BlackClock "0:00:01"]

1. d4 Nf6 2. c4 g6 3. Nf3 Bg7 4. Nc3 d5 5. Qb3 dxc4 6. Qxc4 a6 7. e4 b5 8. Qb3 c5 9. dxc5 Bb7 10. Be2 O-O 11. O-O Nxe4 12. Nxe4 Bxe4 13. Bf4 Nd7 14. Rac1 Rc8 15. Rfd1 Qe8 16. Qa3 e5 17. Bd2 Bxf3 18. Bxf3 e4 19. Be2 Ne5 20. Qxa6 Nd3 21. Bxd3 exd3 22. Bc3 Rxc5 23. Qd6 Rc4 24. Qxd3 Bxc3 25. Rxc3 Qc6 26. Rdc1 Rc8 27. Rxc4 bxc4 28. Qc3 Qe4 29. b3 Re8 30. bxc4 Qc6 31. c5 Re2 32. Rc2 1-0

[Event "January 9 Early 2024"]
[Site "https://www.chess.com"]
[Date "2024.01.11"]
[Round "1"]
[White "Iskusnyh, Sergei"]
[Black "Passen, Brett"]
[Result "1-0"]
[Board "120"]
[TimeControl "180+1"]
[WhiteFideId "4120027"]
[BlackFideId "30972167"]
[WhiteElo "2656"]
[BlackElo "2320"]
[WhiteTeam "RUS"]
[BlackTeam "USA"]
[WhiteClock "0:00:54"]
[BlackClock "0:00:06"]

1. d4 Nf6 2. c4 e6 3. g3 Bb4+ 4. Bd2 Be7 5. Bg2 d5 6. Nf3 O-O 7. O-O Nbd7 8. Qc2 c6 9. b3 b6 10. Bc3 Ba6 11. Nbd2 Rc8 12. e4 dxe4 13. Nxe4 Nxe4 14. Qxe4 Nf6 15. Qc2 b5 16. Ne5 bxc4 17. bxc4 c5 18. Nc6 Rxc6 19. Bxc6 cxd4 20. Rfd1 Qc7 21. Qa4 dxc3 22. Qxa6 Bc5 23. Bf3 Bb6 24. Rac1 Qc5 25. Rf1 c2 26. Rxc2 Qf5 27. Rc3 h5 28. Qb5 Qg6 29. c5 Bc7 30. Qa4 h4 31. Qxh4 1-0

[Event "January 9 Early 2024"]
[Site "https://www.chess.com"]
[Date "2024.01.11"]
[Round "1"]
[White "Novak, Ratko"]
[Black "Yuan, Qingyu"]
[Result "0-1"]
[Board "121"]
[TimeControl "180+1"]
[WhiteFideId "14511827"]
[BlackFideId "8609772"]
[WhiteElo "2427"]
[BlackElo "2766"]
[WhiteTeam "CRO"]
[BlackTeam "CHN"]
[WhiteClock "0:00:16"]
[BlackClock "0:00:38"]

1. d4 d5 2. c4 e6 3. cxd5 exd5 4. Nc3 c6 5. f3 Bd6 6. e4 Qh4+ 7. Ke2 dxe4 8. fxe4 Ne7 9. Nf3 Bg4 10. e5 Bc7 11. Be3 O-O 12. Bf2 Qh5 13. Kd2 Nd7 14. Bd3 f6 15. Qb3+ Kh8 16. Qxb7 Rac8 17. exf6 Nxf6 18. Rae1 Ned5 19. Kc1 Bxf3 20. gxf3 Qxf3 21. Nxd5 cxd5 22. Be3 Bf4+ 23. Kb1 Bxe3 24. Rhf1 Bf2 25. Qa6 Qg2 26. Re7 Bxd4 27. Rb7 Rb8 28. a3 Be5 29. b4 Qb2# 0-1

[Event "January 9 Early 2024"]
[Site "https://www.chess.com"]
[Date "2024.01.11"]
[Round "1"]
[White "Harriott, Tyrell"]
[Black "Injac, Teodora"]
[Result "1-0"]
[Board "122"]
[TimeControl "180+1"]
[WhiteFideId "2086484"]
[BlackFideId "932400"]
[WhiteElo "2347"]
[BlackElo "2645"]
[WhiteTeam "USA"]
[BlackTeam "SRB"]
[WhiteClock "0:00:57"]
[BlackClock "0:00:03"]

1. d4 Nf6 2. e3 d5 3. Bd3 e6 4. f4 b6 5. c3 Be7 6. Nf3 O-O 7. O-O Ba6 8. Bxa6 Nxa6 9. Nbd2 c5 10. Ne5 Qc8 11. Qf3 Qb7 12. g4 b5 13. a3 Rac8 14. g5 Ne4 15. Nxe4 dxe4 16. Qh5 cxd4 17. exd4 Nc7 18. Be3 Nd5 19. Rae1 a5 20. Bd2 b4 21. axb4 axb4 22. c4 Nb6 23. b3 Ra8 24. Re3 g6 25. Qh6 Bd8 26. Rh3 f5 27. gxf6 Bxf6 28. Rg3 Qg7 29. Qh3 Bxe5 30. Qxe6+ Kh8 31. dxe5 Nd7 32. Bxb4 Rfe8 33. Qd5 Ra2 34. Bc3 Rc2 35. Bd4 1-0

[Event "January 9 Early 2024"]
[Site "https://www.chess.com"]
[Date "2024.01.11"]
[Round "1"]
[White "Waldhausen Gordon, Frederick"]
[Black "de Lisle, Sarah"]
[Result "1-0"]
[Board "123"]
[TimeControl "180+1"]
[WhiteFideId "2409143"]
[BlackFideId "402605"]
[WhiteElo "2542"]
[BlackElo "1932"]
[WhiteTeam "SCO"]
[BlackTeam "ENG"]
[WhiteClock "0:01:20"]
[BlackClock "0:00:09"]

1. d4 d5 2. c4 e6 3. Nf3 Nf6 4. Nc3 c6 5. e3 Be7 6. Qc2 O-O 7. Be2 Nbd7 8. O-O b6 9. b3 Bb7 10. Bb2 Re8 11. Rad1 Nf8 12. e4 dxe4 13. Nxe4 Qc7 14. Nxf6+ Bxf6 15. c5 Red8 16. Ne5 Nd7 17. Nxd7 Rxd7 18. Rd2 Rad8 19. Rfd1 Qf4 20. g3 Qc7 21. Bf3 Rc8 22. b4 a6 23. h4 h6 24. a3 Rcd8 25. Be4 bxc5 26. dxc5 Rxd2 27. Rxd2 Rxd2 28. Qxd2 Qd8 29. Qxd8+ Bxd8 30. Be5 a5 31. Bd6 axb4 32. axb4 f6 33. b5 Kf7 34. Bxc6 Bxc6 35. bxc6 Ba5 36. c7 Bxc7 37. Bxc7 Ke7 38. Bd6+ Kd7 39. Bf8 g6 40. Bxh6 e5 41. Be3 Kc6 42. g4 1-0

[Event "January 9 Early 2024"]
[Site "https://www.chess.com"]
[Date "2024.01.11"]
[Round "1"]
[White "Smirnov, Timofey"]
[Black "Jeet, Jain"]
[Result "0-1"]
[Board "124"]
[TimeControl "180+1"]
[WhiteFideId "24176427"]
[BlackFideId "5073022"]
[WhiteElo "1996"]
[BlackElo "2548"]
[WhiteTeam "RUS"]
[BlackTeam "IND"]
[WhiteClock "0:00:02"]
[BlackClock "0:01:32"]

1. d4 c5 2. c3 Nf6 3. Bf4 b6 4. e3 d6 5. h3 Bb7 6. Nf3 g6 7. Be2 Bg7 8. O-O O-O 9. a4 a6 10. Nbd2 Nbd7 11. Re1 Rc8 12. Bh2 Re8 13. Nc4 Ne4 14. a5 b5 15. Ncd2 e5 16. dxe5 dxe5 17. Nxe4 Bxe4 18. Qd2 Qc7 19. Red1 Red8 20. Qe1 c4 21. Nd2 Bb7 22. Bf3 Nc5 23. Be2 f5 24. h4 Qc6 25. Bf3 e4 26. Be2 Nd3 27. Bxd3 exd3 28. f3 Re8 29. Qf2 Re6 30. e4 fxe4 31. Nxe4 Rf8 32. Qd2 Rxe4 33. fxe4 Qc5+ 34. Kh1 Bxe4 35. Bg1 Qe7 36. Qg5 Bf6 37. Qc5 Qd7 38. Rd2 Qh3+ 39. Bh2 Qxh4 40. Qe3 Bg5 41. Qh3 Qxh3 0-1

[Event "January 9 Early 2024"]
[Site "https://www.chess.com"]
[Date "2024.01.11"]
[Round "1"]
[White "Murzin, Volodar"]
[Black "Poeta, Caio Medeiros"]
[Result "1-0"]
[Board "125"]
[TimeControl "180+1"]
[WhiteFideId "44155573"]
[BlackFideId "2142660"]
[WhiteElo "2900"]
[BlackElo "2479"]
[WhiteTeam "FID"]
[BlackTeam "BRA"]
[WhiteClock "0:00:42"]
[BlackClock "0:00:04"]

1. d4 d5 2. f3 Nf6 3. Nc3 g6 4. e4 dxe4 5. fxe4 Bg7 6. Nf3 O-O 7. Bc4 c5 8. d5 b5 9. Bxb5 Nxe4 10. Nxe4 Qa5+ 11. Nc3 Bxc3+ 12. bxc3 Qxb5 13. Kf2 Bg4 14. Re1 Re8 15. Qd3 c4 16. Qd4 Bxf3 17. Bh6 f6 18. gxf3 Nd7 19. Rab1 Qa6 20. Re6 Qxa2 21. Rb7 Qxc2+ 22. Kg3 Rad8 23. d6 Ne5 24. Rxe5 fxe5 25. Qxe5 Kf7 26. Rxe7+ Rxe7 27. Qxe7+ Kg8 28. Qg7# 1-0

[Event "January 9 Early 2024"]
[Site "https://www.chess.com"]
[Date "2024.01.11"]
[Round "1"]
[White "Akobian, Varuzhan"]
[Black "Nord, Alexander"]
[Result "1-0"]
[Board "126"]
[TimeControl "180+1"]
[WhiteFideId "13300580"]
[BlackFideId "1738135"]
[WhiteElo "2672"]
[BlackElo "2343"]
[WhiteTeam "USA"]
[BlackTeam "SWE"]
[WhiteClock "0:01:13"]
[BlackClock "0:00:01"]

1. d4 Nf6 2. c4 e6 3. Nf3 b6 4. a3 Bb7 5. Nc3 Be7 6. Bf4 O-O 7. Rc1 d5 8. cxd5 Nxd5 9. Nxd5 Qxd5 10. Rxc7 Bf6 11. e3 Ba6 12. Be2 Bxe2 13. Qxe2 Qa5+ 14. Nd2 Na6 15. Rc1 Rac8 16. O-O b5 17. Ne4 Be7 18. Bd6 Bxd6 19. Nxd6 Rxc1 20. Rxc1 b4 21. Qb5 Qxb5 22. Nxb5 bxa3 23. bxa3 Ra8 24. Nxa7 g5 25. Rc8+ Rxc8 26. Nxc8 Kf8 27. Kf1 Ke8 28. Nd6+ Ke7 29. Nc4 Nc7 30. Ke2 f6 31. e4 Nb5 32. Kd3 h5 33. a4 Nc7 34. a5 Na6 35. d5 e5 36. f3 Kd7 37. Nb6+ Kd6 38. Kc4 h4 39. Nc8+ Kc7 40. Na7 Kd7 41. Nb5 Nb8 42. Kc5 Na6+ 43. Kb6 1-0

[Event "January 9 Early 2024"]
[Site "https://www.chess.com"]
[Date "2024.01.11"]
[Round "1"]
[White "Krishnan, Ritvik"]
[Black "Livaic, Leon"]
[Result "0-1"]
[Board "127"]
[TimeControl "180+1"]
[WhiteFideId "45055297"]
[BlackFideId "14531534"]
[WhiteElo "2490"]
[BlackElo "2917"]
[WhiteTeam "IND"]
[BlackTeam "CRO"]
[WhiteClock "0:00:06"]
[BlackClock "0:00:44"]

1. d4 Nf6 2. c4 g6 3. Nc3 Bg7 4. e4 d6 5. h3 O-O 6. Be3 e5 7. d5 Na6 8. Nf3 Nc5 9. Nd2 a5 10. g4 c6 11. Be2 Bd7 12. g5 Ne8 13. h4 f5 14. gxf6 Nxf6 15. h5 gxh5 16. Bxh5 Nd3+ 17. Kf1 Qe7 18. Qc2 Nxh5 19. Rxh5 Nf4 20. Rh2 Bh3+ 21. Ke1 Qg5 22. Bxf4 Qxf4 23. Rxh3 Qxf2+ 24. Kd1 Qg1+ 25. Ke2 Qg2+ 26. Kd1 Qxh3 27. Kc1 Bh6 0-1

[Event "January 9 Early 2024"]
[Site "https://www.chess.com"]
[Date "2024.01.11"]
[Round "1"]
[White "Glashausser, Sho"]
[Black "Ismagilov, Damir"]
[Result "0-1"]
[Board "128"]
[TimeControl "180+1"]
[WhiteFideId "30908329"]
[BlackFideId "34199982"]
[WhiteElo "2160"]
[BlackElo "2564"]
[WhiteTeam "USA"]
[BlackTeam "RUS"]
[WhiteClock "0:00:02"]
[BlackClock "0:00:54"]

1. Nf3 g6 2. g3 Bg7 3. Bg2 Nf6 4. O-O O-O 5. d4 d6 6. c4 Bg4 7. Nc3 c6 8. b3 Qc8 9. Re1 Bh3 10. Bh1 h6 11. Bb2 Nbd7 12. Qd2 Kh7 13. e4 e5 14. Rad1 Qc7 15. d5 c5 16. a3 Nh5 17. Qd3 Bg4 18. Rc1 f5 19. Nh4 f4 20. f3 Bh3 21. g4 Qd8 22. Ng2 Nhf6 23. Nb5 Nb6 24. b4 cxb4 25. axb4 a6 26. Nxd6 Nxg4 27. fxg4 f3 28. Rf1 fxg2 29. Bxg2 Bxg2 30. Kxg2 Na4 31. Rxf8 Qxf8 32. Bxe5 Bxe5 0-1

[Event "January 9 Early 2024"]
[Site "https://www.chess.com"]
[Date "2024.01.11"]
[Round "1"]
[White "Bjerre, Jonas Buhl"]
[Black "Tifferet, Shakked"]
[Result "1-0"]
[Board "129"]
[TimeControl "180+1"]
[WhiteFideId "1444948"]
[BlackFideId "2811529"]
[WhiteElo "2954"]
[BlackElo "2505"]
[WhiteTeam "DEN"]
[BlackTeam "ISR"]
[WhiteClock "0:01:11"]
[BlackClock "0:00:01"]

1. d4 Nf6 2. c4 e6 3. Nf3 b6 4. g3 Bb7 5. Bg2 Bb4+ 6. Bd2 Bxd2+ 7. Qxd2 O-O 8. O-O d6 9. Qf4 Nbd7 10. Nc3 Qe7 11. e4 e5 12. Qe3 Rfe8 13. Rfe1 Qf8 14. Qd2 Re7 15. Rac1 exd4 16. Nxd4 Rae8 17. f3 a6 18. Nd5 Bxd5 19. cxd5 Rc8 20. Nc6 Ree8 21. Bh3 Ra8 22. Nd4 Ra7 23. Rc3 Nc5 24. b4 Ncxe4 25. fxe4 Nxe4 26. Rce3 Nxd2 27. Rxe8 Ra8 28. Rxf8+ Kxf8 29. Rc1 Ra7 30. Bg2 b5 31. Nc6 Ra8 32. Na5 Ra7 33. Rc2 Nb1 34. Bh3 g6 35. Bd7 Ke7 36. Bc6 Kf6 37. Kf2 Na3 38. Rc3 Nb1 39. Rd3 Ke7 40. Ke3 f5 41. Ke2 Kf6 42. Kd1 1-0

[Event "January 9 Early 2024"]
[Site "https://www.chess.com"]
[Date "2024.01.11"]
[Round "1"]
[White "Volkov, Maksim"]
[Black "Bhagyashree Patil"]
[Result "1-0"]
[Board "130"]
[TimeControl "180+1"]
[WhiteFideId "54123070"]
[BlackFideId "25053256"]
[WhiteElo "2661"]
[BlackElo "2335"]
[WhiteTeam "RUS"]
[BlackTeam "IND"]
[WhiteClock "0:00:42"]
[BlackClock "0:00:03"]

1. e4 e5 2. Nf3 Nc6 3. Bc4 Nf6 4. d3 h6 5. O-O d6 6. Nc3 Be7 7. a4 Bg4 8. h3 Bh5 9. g4 Nxg4 10. hxg4 Bxg4 11. Be3 Bg5 12. Kg2 Qf6 13. Rh1 O-O-O 14. Nd5 Qg6 15. Bxg5 hxg5 16. Qd2 f5 17. Qe3 f4 18. Qxa7 Bxf3+ 19. Kxf3 g4+ 20. Ke2 g3 21. Rxh8 Rxh8 22. Qa8+ Kd7 23. Qxh8 Qg4+ 24. f3 Nd4+ 25. Kd2 Qxf3 26. Qxg7+ 1-0

[Event "January 9 Early 2024"]
[Site "https://www.chess.com"]
[Date "2024.01.11"]
[Round "1"]
[White "Tulchynskyi, Feliks"]
[Black "Hartikainen, Jarmo"]
[Result "1-0"]
[Board "131"]
[TimeControl "180+1"]
[WhiteFideId "34127895"]
[BlackFideId "503134"]
[WhiteElo "2572"]
[BlackElo "2172"]
[WhiteTeam "UKR"]
[BlackTeam "FIN"]
[WhiteClock "0:00:46"]
[BlackClock "0:00:07"]

1. c4 c5 2. Nc3 Nc6 3. Nf3 Nf6 4. d4 d5 5. cxd5 Nxd5 6. e4 Nxc3 7. bxc3 cxd4 8. cxd4 e6 9. Be2 Be7 10. O-O O-O 11. Bb2 Bf6 12. Rc1 Qb6 13. Ba1 Rd8 14. Rb1 Qa5 15. e5 Bxe5 16. Nxe5 Nxe5 17. Rb5 Nf3+ 18. gxf3 Qxa2 19. Bd3 b6 20. Be4 Rb8 21. Qb3 Qxb3 22. Rxb3 f5 23. Bc6 Rd6 24. Rc1 Ba6 25. Ra3 Be2 26. Rxa7 Rc8 27. Ra8 Rdd8 28. Rxc8 Rxc8 29. Bb2 g5 30. Kg2 h5 31. d5 g4 32. fxg4 Rxc6 33. dxc6 1-0

[Event "January 9 Early 2024"]
[Site "https://www.chess.com"]
[Date "2024.01.11"]
[Round "1"]
[White "Aravindh, Chithambaram VR."]
[Black "Senthilkumar, Pranav"]
[Result "1-0"]
[Board "132"]
[TimeControl "180+1"]
[WhiteFideId "5072786"]
[BlackFideId "2083477"]
[WhiteElo "2935"]
[BlackElo "2500"]
[WhiteTeam "IND"]
[BlackTeam "USA"]
[WhiteClock "0:00:25"]
[BlackClock "0:00:16"]

1. b3 Nf6 2. Bb2 e6 3. Nf3 d5 4. c4 Be7 5. e3 O-O 6. Nc3 b6 7. cxd5 Nxd5 8. Nxd5 Qxd5 9. Qc2 Bb7 10. Bc4 Qd8 11. h4 Bf6 12. Ng5 g6 13. f4 Nc6 14. h5 Nb4 15. Qb1 Bxg5 16. hxg6 Bh4+ 17. g3 Nd3+ 18. Qxd3 Qxd3 19. Bxd3 fxg6 20. Rxh4 Rad8 21. Bc4 Bd5 22. Rc1 c5 23. Ke2 h5 24. g4 hxg4 25. Rh8+ Kf7 26. Rh7+ Ke8 27. Bb5+ 1-0

[Event "January 9 Early 2024"]
[Site "https://www.chess.com"]
[Date "2024.01.11"]
[Round "1"]
[White "Sanal, Vahap"]
[Black "Dushyant Sharma"]
[Result "1-0"]
[Board "133"]
[TimeControl "180+1"]
[WhiteFideId "6300545"]
[BlackFideId "25065130"]
[WhiteElo "2932"]
[BlackElo "2496"]
[WhiteTeam "TUR"]
[BlackTeam "IND"]
[WhiteClock "0:00:41"]
[BlackClock "0:00:06"]

1. e4 d5 2. exd5 Nf6 3. d4 Bg4 4. f3 Bf5 5. Bb5+ c6 6. dxc6 Nxc6 7. Ne2 e6 8. O-O Be7 9. c3 O-O 10. Bd3 Bxd3 11. Qxd3 Qb6 12. Nd2 Rac8 13. Ne4 Rfd8 14. Bg5 Nxe4 15. Bxe7 Nc5 16. Bxd8 Rxd8 17. Qc2 Nd7 18. Kh1 Nf6 19. Rad1 Nd5 20. Rd3 Rc8 21. a3 h6 22. c4 Na5 23. c5 Qa6 24. b4 Nc4 25. Qb3 Nce3 26. Rxe3 1-0

[Event "January 9 Early 2024"]
[Site "https://www.chess.com"]
[Date "2024.01.11"]
[Round "1"]
[White "Balla, Tamas-Kristof"]
[Black "Szpar, Milosz"]
[Result "0-1"]
[Board "134"]
[TimeControl "180+1"]
[WhiteFideId "1208497"]
[BlackFideId "1184989"]
[WhiteElo "2464"]
[BlackElo "2857"]
[WhiteTeam "ROU"]
[BlackTeam "POL"]
[WhiteClock "0:00:02"]
[BlackClock "0:00:32"]

1. e4 c5 2. c3 e6 3. d4 d5 4. exd5 exd5 5. Nf3 Nc6 6. Bb5 Nf6 7. O-O Bd6 8. dxc5 Bxc5 9. Nbd2 O-O 10. Nb3 Bb6 11. Nbd4 Bd7 12. Bd3 h6 13. h3 Ne4 14. Bf4 Qf6 15. Be3 Rfe8 16. Bc2 Rad8 17. Re1 Bc7 18. Nxc6 bxc6 19. Bd4 Qd6 20. Qd3 Bf5 21. Qa6 Ng5 22. Rxe8+ Rxe8 23. Ne5 Bxc2 24. f4 Ne6 25. Qxa7 Nxf4 26. Nf3 Nxh3+ 27. Kf1 Bd3# 0-1

[Event "January 9 Early 2024"]
[Site "https://www.chess.com"]
[Date "2024.01.11"]
[Round "1"]
[White "Begunov, Konstantin"]
[Black "Sonis, Francesco"]
[Result "1-0"]
[Board "135"]
[TimeControl "180+1"]
[WhiteFideId "4118510"]
[BlackFideId "895733"]
[WhiteElo "2463"]
[BlackElo "2809"]
[WhiteTeam "RUS"]
[BlackTeam "ITA"]
[WhiteClock "0:00:37"]
[BlackClock "0:00:46"]

1. d4 Nf6 2. c4 g6 3. f3 c5 4. dxc5 Qa5+ 5. Nc3 Qxc5 6. e4 Bg7 7. Qd3 Nc6 8. Be3 Qa5 9. Qd2 O-O 10. Nge2 d6 11. Nd4 Nxd4 12. Bxd4 Be6 13. Be2 Rfc8 14. b3 a6 15. Rd1 b5 16. Nd5 Qxd2+ 17. Rxd2 Bxd5 18. cxd5 Nd7 19. Bxg7 Kxg7 20. Kd1 g5 21. Rc2 Rxc2 22. Kxc2 Kf6 23. Kd2 b4 24. Rc1 Nc5 25. Ke3 a5 26. Rc4 1-0

[Event "January 9 Early 2024"]
[Site "https://www.chess.com"]
[Date "2024.01.11"]
[Round "1"]
[White "Sahin, Sarp"]
[Black "Khripachenko, Alexander"]
[Result "0-1"]
[Board "136"]
[TimeControl "180+1"]
[WhiteFideId "51605066"]
[BlackFideId "54184975"]
[WhiteElo "2444"]
[BlackElo "2822"]
[WhiteTeam "TUR"]
[BlackTeam "FID"]
[WhiteClock "0:00:01"]
[BlackClock "0:01:22"]

1. d4 d5 2. Bf4 c5 3. e3 Nc6 4. c3 Nf6 5. Nd2 e6 6. Ngf3 Nh5 7. Bg5 f6 8. Bh4 g6 9. Be2 cxd4 10. Nxd4 Ng7 11. Qa4 Bd7 12. Qb3 Nxd4 13. exd4 Nf5 14. Bg3 h5 15. Bd3 h4 16. Bxf5 exf5 17. Bf4 Bc6 18. Be3 Bd6 19. Nf3 f4 20. Bd2 Kf7 21. O-O-O g5 22. h3 Qa5 23. Rhe1 Rhe8 24. Qc2 Kg7 25. Kb1 Ba4 26. b3 Bd7 27. c4 Qa6 28. c5 Bf8 29. Bc3 Qc6 30. b4 b6 31. Nd2 Qb5 32. Nb3 a5 33. a3 axb4 34. Bxb4 Rec8 35. Qb2 Ra4 36. Rc1 Rca8 37. c6 Bf5+ 38. Ka1 Bxb4 39. c7 Rxa3+ 40. Qxa3 Rxa3+ 41. Kb2 Bd6 42. c8=Q Qxb3# 0-1